 Dungeon Crawl Stone Soup version 0.25.1-2-g60ff931df9 (webtiles) character file.

Game seed: 15359145570710696578

453 pokeman the Magician (level 6, -3/34 HPs)
             Began as a Deep Elf Wizard on Oct 29, 2020.
             Was a Follower of Vehumet.
             Slain by Cheops's ghost (12 damage)
             ... on level 3 of the Dungeon.
             The game lasted 00:09:24 (4683 turns).

pokeman the Magician (Deep Elf Wizard)              Turns: 4683, Time: 00:09:25

Health: -3/34      AC:  6    Str:  4    XL:     6   Next: 75%
Magic:  11/18      EV: 12    Int: 25    God:    Vehumet [*.....]
Gold:   147        SH:  0    Dex: 13    Spells: 7/19 levels left

rFire    . . .     SeeInvis .   h - +1 short sword (holy)
rCold    . . .     Gourm    .   (no shield)
rNeg     . . .     Faith    .   k - +0 leather armour
rPois    .         Spirit   .   c - +1 helmet
rElec    .         Reflect  .   p - scarf {+Inv}
rCorr    .         Harm     .   A - +0 pair of gloves
MR       .....                  (no boots)
Stlth    ++........             (no amulet)
HPRegen  0.11/turn              (no ring)
MPRegen  0.16/turn              (no ring)

@: no status effects
A: no striking features
a: Renounce Religion, Evoke Invisibility


You were on level 3 of the Dungeon.
You worshipped Vehumet.
Vehumet was aware of your devotion.
You were not hungry.

You visited 1 branch of the dungeon, and saw 4 of its levels.

You collected 147 gold pieces.

Inventory:

Hand Weapons
 h - a +1 short sword of holy wrath (weapon)
Missiles
 b - 15 bolts
Armour
 c - a +1 helmet (worn)
 k - a +0 leather armour (worn)
 p - a scarf of invisibility (worn)
 A - a +0 pair of gloves (worn)
Wands
 r - a wand of disintegration (14)
 w - a wand of flame (2)
 z - a wand of paralysis (9)
Scrolls
 e - 9 scrolls of identify {unknown}
 g - 2 scrolls of remove curse {unknown}
 i - 2 scrolls of enchant armour {unknown}
 j - a scroll of magic mapping {unknown}
 n - 3 scrolls of teleportation {unknown}
 s - 3 scrolls of enchant weapon {unknown}
 t - a scroll of fear {unknown}
 y - a scroll of amnesia {unknown}
Potions
 a - 2 potions of brilliance {unknown}
 f - 2 potions of stabbing {unknown}
 l - a potion of haste {unknown}
 m - a potion of cancellation {unknown}
 o - 2 potions of flight {unknown}
 q - a potion of heal wounds {unknown}
 u - 2 potions of might {unknown}
 v - a potion of lignification {unknown}
Comestibles
 d - 4 rations


   Skills:
 - Level 1.0 Fighting
 - Level 1.0 Armour
 + Level 3.2 Dodging
 - Level 3.4 Stealth
 * Level 7.2 Spellcasting
 * Level 3.9 Conjurations
 - Level 1.1 Summonings
 - Level 1.1 Translocations
 - Level 1.0 Fire Magic
 - Level 1.0 Air Magic
 - Level 1.0 Poison Magic
 + Level 0.8 Evocations


You had 7 spell levels left.
You knew the following spells:

 Your Spells              Type           Power        Failure   Level  Hunger
a - Magic Dart            Conj           ####         2%          1    None
b - Mephitic Cloud        Conj/Pois/Air  ###.....     16%         3    None
c - Call Imp              Summ           ##......     11%         2    None
d - Blink                 Tloc           N/A          11%         2    None
e - Conjure Flame         Conj/Fire      ###.....     12%         3    None
f - Foxfire               Conj/Fire      ###.         4%          1    None

Your spell library contained the following spells:

 Spells                   Type           Power        Failure   Level  Hunger
 Slow                     Hex            #.......     17%         2    None


Dungeon Overview and Level Annotations

Branches:
Dungeon (4/15)
 Temple: D:4-7

Altars:
Ashenzari
Dithmenos
Qazlal
Uskayaw
Vehumet

Annotations:
D:3 Cheops's ghost, amateur HOFi


Message History

Aim: Cheops's ghost (heavily damaged)
The puff of flame hits Cheops's ghost.
Cheops's ghost resists.
Cheops's ghost is heavily damaged.
Evoke which item? (* to show all) (? for menu, Esc to quit)
Aiming: Throw Flame
Press: ? - help, Shift-Dir - straight line, f/p - Cheops's ghost
Aim: Cheops's ghost (heavily damaged)
The puff of flame hits Cheops's ghost but does no damage.
Cheops's ghost is heavily damaged.
Evoke which item? (* to show all) (? for menu, Esc to quit)
Aiming: Throw Flame
Press: ? - help, Shift-Dir - straight line, f/p - Cheops's ghost
Aim: Cheops's ghost (heavily damaged)
The puff of flame hits Cheops's ghost.
Cheops's ghost resists.
Cheops's ghost is heavily damaged.
You hit Cheops's ghost but do no damage.
Cheops's ghost is heavily damaged.
Cheops's ghost is engulfed in blazing flames.
Cheops's ghost hits you!
You die...

#####.#.# #...........###...#
......#.# ##.########.####..#####
#######.# #.# #.#.........# #.#
#.# #####.#........>#
##.####.####................
#............###.#.........#
#.#####...[.## #.#<........# #.#
#..##.# #.#.........# #.# #.)##@#
##.#.........# ## #.#
#...#W###._#.........# .# #.#
###..........#.....###.. .# #.#
#.......#......#####.##. .# #.#
#.........##..##......#. .# #.#
#.......####.##....#..## .#
##.#####...#.# #.#...#...#.# .#
##...## #.<.#.# ##.##.5##.#. #
.###.###.#######.###..©#5#...#.##


You could see Cheops's ghost.

Vanquished Creatures
  An ogre (D:4)
  A bullfrog (D:4)
  An orc priest (D:3)
  2 hounds (D:4)
  An iguana (D:3)
  2 orc wizards (D:4)
  A worker ant (D:4)
  A hound skeleton (D:4)
  3 adders
  An adder skeleton (D:4)
  A worm (D:4)
  A dart slug (D:4)
  2 leopard geckos
  9 orcs
  A ball python (D:3)
  9 bats
  7 giant cockroaches
  10 hobgoblins
  3 jackals (D:2)
  6 kobolds
  3 frilled lizards
  5 goblins
  7 rats
78 creatures vanquished.

Vanquished Creatures (others)
  22 foxfires (D:4)
22 creatures vanquished.

Grand Total: 100 creatures vanquished

Notes
Turn   | Place    | Note
-------+----------+-------------------------------------------
     0 | D:1      | pokeman the Deep Elf Wizard began the quest for the Orb.
     0 | D:1      | Reached XP level 1. HP: 10/10 MP: 7/7
   361 | D:1      | Reached XP level 2. HP: 15/15 MP: 1/9
  1308 | D:2      | Reached skill level 5 in Spellcasting
  1553 | D:2      | Reached XP level 3. HP: 20/20 MP: 1/11
  1558 | D:2      | Learned a level 3 spell: Mephitic Cloud
  1561 | D:2      | Learned a level 2 spell: Call Imp
  1564 | D:2      | Learned a level 2 spell: Blink
  1568 | D:2      | Learned a level 3 spell: Conjure Flame
  1722 | D:2      | Found a shattered altar of Ashenzari.
  1774 | D:2      | Found a stormy altar of Qazlal.
  2042 | D:2      | Found a radiant altar of Vehumet.
  2050 | D:2      | Became a worshipper of Vehumet
  2090 | D:2      | Reached skill level 1 in Fighting
  2090 | D:2      | Reached skill level 1 in Armour
  2379 | D:3      | Found a hide-covered altar of Uskayaw.
  2516 | D:3      | Found a shadowy altar of Dithmenos.
  2577 | D:3      | Reached XP level 4. HP: 25/25 MP: 6/13
  3108 | D:3      | Noticed Cheops's ghost (amateur HOFi)
  3109 | D:3      | Found a transporter.
  3114 | D:3      | Found a transporter.
  3413 | D:4      | Noticed an ogre
  3425 | D:4      | Reached skill level 6 in Spellcasting
  3425 | D:4      | Killed an ogre
  3425 | D:4      | Reached XP level 5. HP: 28/29 MP: 3/15
  3725 | D:4      | Reached XP level 6. HP: 31/34 MP: 10/17
  3825 | D:3      | Reached skill level 1 in Fire Magic
  4117 | D:4      | Reached skill level 1 in Air Magic
  4174 | D:4      | Reached * piety under Vehumet
  4174 | D:4      | Offered knowledge of Foxfire by Vehumet.
  4177 | D:4      | Learned a level 1 spell: Foxfire
  4218 | D:4      | Reached skill level 7 in Spellcasting
  4334 | D:4      | Reached skill level 1 in Poison Magic
  4683 | D:3      | Slain by Cheops's ghost

Illustrated notes

Levels and vault maps discovered:
D:1:      dpeg_arrival_oval, layout_loops_ring
D:2:      layout_basic, fiery_altar_vehumet, lemuel_crystal_altar,
          nicolae_qazlal_general_emergency
D:3:      layout_loops_ring, overflow_temple_1_default,
          nicolae_dithmenos_shadow_blocks, gammafunk_ghost_stat_death
D:4:      layout_cave_pools

Skill      XL: |  1  2  3  4  5  6 |
---------------+-------------------+-----
Spellcasting   | 5 6 7 |  7.2
Fighting       | 1 |  1.0
Armour         | 1 |  1.0
Conjurations   | 2 3 |  3.9
Stealth        | 3 |  3.4
Dodging        | 3 |  3.2
Fire Magic     | 1 |  1.0
Air Magic      | 1 |  1.0
Poison Magic   | 1 |  1.0
Summonings     | |  1.1
Translocations | |  1.1
Evocations     | |  0.8

Action                   |  1- 3 |  4- 6 || total
-------------------------+-------+-------++-------
Melee: Short sword       |       |    49 ||    49
 Cast: Magic Dart        |   110 |    80 ||   190
       Mephitic Cloud    |       |     6 ||     6
       Foxfire           |       |    14 ||    14
       Blink             |       |     3 ||     3
       Conjure Flame     |       |     2 ||     2
Evoke: Wand              |       |     7 ||     7
 Stab: Confused          |       |     3 ||     3
  Eat: Chunk             |     5 |     6 ||    11
Armor: Robe              |     4 |       ||     4
       Leather armour    |     3 |    14 ||    17
Dodge: Dodged            |    19 |    31 ||    50
